| TOP OF THE 1ST |
|
Stockton Ports batting - Pitching for Stockton Mariners : RHP Larry Ferst
|
|
Pitching: RHP Larry Ferst
|
|
|
Batting: RHB Ramon Valdez
|
0-0: Foul Ball, location: 2F 0-1: Called Strike 0-2: Ball 1-2: Fly out, F8 (Flyball, 8RM, EV 90.6 MPH)
|
|
Batting: LHB Daniel Hoskins
|
0-0: Ball 1-0: DOUBLE (Groundball, 5L, EV 95.6 MPH)
|
|
Batting: RHB Pasquale Raimondo
|
0-0: Fly out, F8 (Flyball, 8LD, EV 77.5 MPH)
|
|
Batting: SHB Tracy Edwards
|
0-0: Ball 1-0: Ball 2-0: Ball 3-0: Base on Balls
|
|
Batting: RHB Johnny Salery
|
0-0: Called Strike 0-1: Fly out, F4 (Popup, 23, EV 85.6 MPH)
|
| Top of the 1st over - 0 runs, 1 hit, 0 errors, 2 left on base; Stockton 0 - Stockton 0 |
| BOTTOM OF THE 1ST |
|
Stockton Mariners batting - Pitching for Stockton Ports : RHP Jim Dorsey
|
|
Pitching: RHP Jim Dorsey
|
|
|
Batting: LHB Harold Perkins
|
0-0: Ball 1-0: Ball 2-0: Called Strike 2-1: Called Strike 2-2: Ball 3-2: Foul Ball, location: 2F 3-2: Ground out 5-3 (Groundball, 56S, EV 90.0 MPH)
|
|
Batting: LHB Ricky Nelson
|
0-0: Fly out, F9 (Flyball, 9S, EV 88.8 MPH)
|
|
Batting: LHB Marvin Ward
|
0-0: SINGLE (Line Drive, 78S, EV 105.6 MPH)
|
|
Batting: LHB David Cawthon
|
0-0: Ball 1-0: Ball 2-0: Ball 3-0: Base on Balls Marvin Ward to second
|
|
Batting: LHB Joe Perna
|
0-0: Ball 1-0: Ball Wild Pitch! Marvin Ward to third David Cawthon to second 2-0: Ball 3-0: Base on Balls
|
|
Batting: SHB Eddie Tanner
|
0-0: DOUBLE (Flyball, 89D, EV 105.6 MPH) Marvin Ward scores David Cawthon scores Joe Perna to third Runner from 3rd tries for Home, SAFE, throw by RF to home
|
|
Batting: RHB Orlando Mercado
|
0-0: Called Strike 0-1: Swinging Strike 0-2: Strikes out looking
|
| Bottom of the 1st over - 3 runs, 2 hits, 0 errors, 1 left on base; Stockton 0 - Stockton 3 |
| TOP OF THE 2ND |
|
Stockton Ports batting - Pitching for Stockton Mariners : RHP Larry Ferst
|
|
Batting: SHB Jose Mercado
|
0-0: Ball 1-0: Ball 2-0: Ball 3-0: Called Strike 3-1: Foul Ball, location: 2F 3-2: Fly out, F5 (Popup, 6, EV 81.9 MPH)
|
|
Batting: RHB Steven Roeder
|
0-0: Ball 1-0: Swinging Strike 1-1: Called Strike 1-2: Fly out, F8 (Flyball, 8LXD, EV 104.4 MPH)
|
|
Batting: RHB Timothy Presko
|
0-0: Ball 1-0: Ball 2-0: Ball 3-0: Called Strike 3-1: Base on Balls
|
|
Batting: SHB Mike Hennessy
|
0-0: Ball 1-0: SINGLE (Groundball, 34S, EV 74.4 MPH) (infield hit) Timothy Presko to second
|
|
Batting: RHB Ramon Valdez
|
0-0: Ball 1-0: Ball 2-0: Foul Ball, location: 2F 2-1: Foul Ball, location: 2F 2-2: Foul Ball, location: 2F 2-2: SINGLE (Groundball, 6D, EV 96.9 MPH) Timothy Presko to third Mike Hennessy to second Runner from 3rd tries for Home, SAFE, throw by LF to home Mike Hennessy to third Ramon Valdez to second
|
|
Batting: LHB Daniel Hoskins
|
0-0: Foul Ball, location: 2F 0-1: Ball Wild Pitch! Mike Hennessy scores Ramon Valdez to third 1-1: Ball 2-1: SINGLE (Groundball, 6MD, EV 105.6 MPH) Ramon Valdez scores
|
|
Batting: RHB Pasquale Raimondo
|
0-0: Ball 1-0: Hit by Pitch Daniel Hoskins to second
|
|
Batting: SHB Tracy Edwards
|
0-0: Ball 1-0: Swinging Strike 1-1: Ball 2-1: Called Strike 2-2: Strikes out swinging
|
| Top of the 2nd over - 3 runs, 3 hits, 0 errors, 2 left on base; Stockton 3 - Stockton 3 |
| BOTTOM OF THE 2ND |
|
Stockton Mariners batting - Pitching for Stockton Ports : RHP Jim Dorsey
|
|
Batting: LHB Victor Gavidia
|
0-0: Called Strike 0-1: Called Strike 0-2: Ball 1-2: Ball 2-2: Fly out, F9 (Flyball, 89M, EV 96.9 MPH)
|
|
Batting: RHB Brian Greer
|
0-0: Ball 1-0: Swinging Strike 1-1: Foul Ball, location: 2F 1-2: Ball 2-2: Ball 3-2: Base on Balls
|
|
Batting: LHB Harold Perkins
|
0-0: Ball 1-0: Ball 2-0: SINGLE (Groundball, 6MD, EV 102.5 MPH) Brian Greer to second
|
|
Batting: LHB Ricky Nelson
|
0-0: Foul Ball, location: 2F 0-1: Ball 1-1: Fielders Choice at 2nd, 3-6 (Groundball, 34, EV 93.1 MPH) Brian Greer to third
|
|
Batting: LHB Marvin Ward
|
0-0: Called Strike 0-1: Foul Ball, location: 2F 0-2: Ball 1-2: Ball 2-2: Fly out, F2 (Popup, 25F, EV 84.4 MPH)
|
| Bottom of the 2nd over - 0 runs, 1 hit, 0 errors, 2 left on base; Stockton 3 - Stockton 3 |
| TOP OF THE 3RD |
|
Stockton Ports batting - Pitching for Stockton Mariners : RHP Larry Ferst
|
|
Batting: RHB Johnny Salery
|
0-0: Foul Ball, location: 2F 0-1: Foul Ball, location: 2F 0-2: Ball 1-2: Fly out, F5 (Line Drive, 5, EV 65.0 MPH)
|
|
Batting: SHB Jose Mercado
|
0-0: Ground out U3 (Groundball, 3, EV 105.6 MPH)
|
|
Batting: RHB Steven Roeder
|
0-0: Called Strike 0-1: Swinging Strike 0-2: Ball 1-2: Ball 2-2: Foul Ball, location: 2F 2-2: Foul Ball, location: 2F 2-2: Ball 3-2: Fly out, F7 (Flyball, 78M, EV 90.6 MPH)
|
| Top of the 3rd over - 0 runs, 0 hits, 0 errors, 0 left on base; Stockton 3 - Stockton 3 |
| BOTTOM OF THE 3RD |
|
Stockton Mariners batting - Pitching for Stockton Ports : RHP Jim Dorsey
|
|
Batting: LHB David Cawthon
|
0-0: Ball 1-0: Ball 2-0: Ball 3-0: Base on Balls
|
|
Batting: LHB Joe Perna
|
0-0: Called Strike 0-1: Ball 1-1: Fly out, F4 (Popup, 4, EV 69.4 MPH)
|
|
Batting: SHB Eddie Tanner
|
0-0: Called Strike 0-1: Foul Ball, location: 2F 0-2: Ball 1-2: Ball 2-2: Fly out, F8 (Flyball, 78D, EV 91.3 MPH)
|
|
Batting: RHB Orlando Mercado
|
0-0: Ball 1-0: Fly out, F3 (Popup, 3L, EV 78.1 MPH)
|
| Bottom of the 3rd over - 0 runs, 0 hits, 0 errors, 1 left on base; Stockton 3 - Stockton 3 |
| TOP OF THE 4TH |
|
Stockton Ports batting - Pitching for Stockton Mariners : RHP Larry Ferst
|
|
Batting: RHB Timothy Presko
|
0-0: Called Strike 0-1: Called Strike 0-2: Fly out, F9 (Flyball, 89S, EV 94.4 MPH)
|
|
Batting: SHB Mike Hennessy
|
0-0: Ball 1-0: Ball 2-0: Called Strike 2-1: Swinging Strike 2-2: Ball 3-2: Foul Ball, location: 2F 3-2: Ground out 4-3 (Groundball, 34, EV 78.8 MPH)
|
|
Batting: RHB Ramon Valdez
|
0-0: Called Strike 0-1: Ball 1-1: Ball 2-1: Fly out, F8 (Flyball, 78XD, EV 97.5 MPH)
|
| Top of the 4th over - 0 runs, 0 hits, 0 errors, 0 left on base; Stockton 3 - Stockton 3 |
| BOTTOM OF THE 4TH |
|
Stockton Mariners batting - Pitching for Stockton Ports : RHP Jim Dorsey
|
|
Batting: LHB Victor Gavidia
|
0-0: Foul Ball, location: 2F 0-1: SINGLE (Groundball, 5S, EV 70.0 MPH) (infield hit)
|
|
Batting: RHB Brian Greer
|
0-0: Ball 1-0: Foul Ball, location: 2F 1-1: Ball 2-1: Called Strike Victor Gavidia steals 2nd base 2-2: Ground out 6-3 (Groundball, 6M, EV 86.3 MPH) Victor Gavidia to third
|
|
Batting: LHB Harold Perkins
|
0-0: Ball 1-0: Ball 2-0: Ball Wild Pitch! Victor Gavidia scores 3-0: Base on Balls
|
|
Batting: LHB Ricky Nelson
|
0-0: Ball 1-0: Ball 2-0: Called Strike 2-1: Foul Ball, location: 2F 2-2: SINGLE (Groundball, 4MD, EV 98.8 MPH) Harold Perkins to second Runner from 2nd tries for 3rd, SAFE, no throw by CF
|
|
Batting: LHB Marvin Ward
|
0-0: Ball 1-0: Swinging Strike 1-1: Foul Ball, location: 2F 1-2: Ball 2-2: Strikes out swinging
|
|
Batting: LHB David Cawthon
|
0-0: Ball 1-0: DOUBLE (Line Drive, 78D, EV 100.6 MPH) Harold Perkins scores Ricky Nelson to third Runner from 3rd tries for Home, SAFE, throw by LF to home
|
|
Batting: LHB Joe Perna
|
0-0: Called Strike 0-1: Swinging Strike 0-2: Foul Ball, location: 2F 0-2: Ball 1-2: Strikes out swinging
|
| Bottom of the 4th over - 3 runs, 3 hits, 0 errors, 1 left on base; Stockton 3 - Stockton 6 |
| TOP OF THE 5TH |
|
Stockton Ports batting - Pitching for Stockton Mariners : RHP Larry Ferst
|
|
Batting: LHB Daniel Hoskins
|
0-0: Reached on error, E6 (Groundball, 6MD, EV 91.3 MPH)
|
|
Batting: RHB Pasquale Raimondo
|
0-0: Ball 1-0: Ball 2-0: Ball 3-0: Base on Balls
|
|
Batting: SHB Tracy Edwards
|
0-0: Ball 1-0: Called Strike 1-1: Ball 2-1: Fly out, F7 (Flyball, 7, EV 93.1 MPH)
|
|
Batting: RHB Johnny Salery
|
0-0: Called Strike 0-1: Ball Wild Pitch! Daniel Hoskins to third Pasquale Raimondo to second 1-1: Swinging Strike 1-2: Ball 2-2: Fly out, F9 (Flyball, 9S, EV 91.9 MPH)
|
|
Batting: SHB Jose Mercado
|
0-0: Ball 1-0: Ball 2-0: Foul Ball, location: 2F 2-1: Foul Ball, location: 2F 2-2: Ball 3-2: Strikes out swinging
|
| Top of the 5th over - 0 runs, 0 hits, 1 error, 2 left on base; Stockton 3 - Stockton 6 |
| BOTTOM OF THE 5TH |
|
Stockton Mariners batting - Pitching for Stockton Ports : RHP Jim Dorsey
|
|
Batting: SHB Eddie Tanner
|
0-0: Ground out 6-3 (Groundball, 6, EV 104.4 MPH)
|
|
Batting: RHB Orlando Mercado
|
0-0: Called Strike 0-1: Ball 1-1: Foul Ball, location: 2F 1-2: Ball 2-2: Ball 3-2: SINGLE (Line Drive, 7S, EV 95.6 MPH)
|
|
Batting: LHB Victor Gavidia
|
0-0: Ball Orlando Mercado steals 2nd base 1-0: SINGLE (Line Drive, 56D, EV 103.1 MPH) Orlando Mercado to third
|
|
Batting: RHB Brian Greer
|
0-0: Ball 1-0: SINGLE (Groundball, P, EV 96.3 MPH) Orlando Mercado scores Victor Gavidia to second Runner from 2nd tries for 3rd, SAFE, no throw by CF
|
|
Pitching: RHP Joseph Emery
|
|
|
Batting: LHB Harold Perkins
|
0-0: Swinging Strike 0-1: Ball 1-1: Swinging Strike 1-2: Strikes out swinging
|
|
Batting: LHB Ricky Nelson
|
0-0: Called Strike 0-1: Ball Brian Greer steals 2nd base (no throw) 1-1: Ball 2-1: Ground out 4-3 (Groundball, 4, EV 108.1 MPH)
|
| Bottom of the 5th over - 1 run, 3 hits, 0 errors, 2 left on base; Stockton 3 - Stockton 7 |
| TOP OF THE 6TH |
|
Stockton Ports batting - Pitching for Stockton Mariners : RHP Larry Ferst
|
|
Batting: RHB Steven Roeder
|
0-0: Foul Ball, location: 2F 0-1: Fly out, F9 (Flyball, 9S, EV 91.9 MPH)
|
|
Batting: RHB Timothy Presko
|
0-0: Called Strike 0-1: SINGLE (Flyball, 7LS, EV 85.6 MPH)
|
|
Batting: SHB Mike Hennessy
|
0-0: Called Strike 0-1: Ball 1-1: Ground out 5-3 (Groundball, 56S, EV 70.0 MPH) Timothy Presko to second
|
|
Batting: RHB Ramon Valdez
|
0-0: Ball 1-0: Ball 2-0: Ball 3-0: Base on Balls
|
|
Batting: LHB Daniel Hoskins
|
0-0: Ball 1-0: Foul Ball, location: 2F 1-1: Ball 2-1: Swinging Strike 2-2: Foul Ball, location: 2F 2-2: Strikes out swinging
|
| Top of the 6th over - 0 runs, 1 hit, 0 errors, 2 left on base; Stockton 3 - Stockton 7 |
| BOTTOM OF THE 6TH |
|
Stockton Mariners batting - Pitching for Stockton Ports : RHP Joseph Emery
|
|
Batting: LHB Marvin Ward
|
0-0: Foul Ball, location: 2F 0-1: SOLO HOME RUN (Flyball, 9D, EV 86.9 MPH), Distance : 403 ft
|
|
Batting: LHB David Cawthon
|
0-0: Called Strike 0-1: Ball 1-1: Foul Ball, location: 2F 1-2: Foul Ball, location: 2F 1-2: SINGLE (Line Drive, 4D, EV 98.1 MPH)
|
|
Batting: LHB Joe Perna
|
0-0: Called Strike 0-1: Fly out, F9 (Flyball, 9LD, EV 86.9 MPH)
|
|
Batting: SHB Eddie Tanner
|
0-0: Foul Ball, location: 2F 0-1: Swinging Strike 0-2: Ball 1-2: Foul Ball, location: 2F 1-2: Ball 2-2: Ball 3-2: Foul Ball, location: 2F 3-2: SINGLE (Line Drive, 3D, EV 99.4 MPH) David Cawthon to second Runner from 2nd tries for 3rd, SAFE, throw by RF made to third
|
|
Batting: RHB Orlando Mercado
|
0-0: Foul Ball, location: 2F 0-1: Ball 1-1: SINGLE (Groundball, 6, EV 93.8 MPH) David Cawthon scores Eddie Tanner to second
|
|
Batting: LHB Victor Gavidia
|
0-0: Called Strike 0-1: Ball Wild Pitch! Eddie Tanner to third Orlando Mercado to second 1-1: Fly out, F9 (Line Drive, 9, EV 85.0 MPH) Runner from 3rd tags up, SCORES, throw by RF Orlando Mercado to third
|
|
Batting: RHB Brian Greer
|
0-0: Foul Ball, location: 2F 0-1: SINGLE (Line Drive, 9LS, EV 100.0 MPH) Orlando Mercado scores
|
|
Batting: LHB Harold Perkins
|
0-0: Ball 1-0: Ball 2-0: Ball 3-0: Called Strike 3-1: Reached on error, E6 (Groundball, 6, EV 104.4 MPH) Brian Greer to second
|
|
Pitching: RHP Harry Wise
|
|
|
Batting: LHB Ricky Nelson
|
0-0: Ground out 4-3 (Groundball, 4S, EV 81.9 MPH)
|
| Bottom of the 6th over - 4 runs, 5 hits, 1 error, 2 left on base; Stockton 3 - Stockton 11 |
| TOP OF THE 7TH |
|
Stockton Ports batting - Pitching for Stockton Mariners : RHP Larry Ferst
|
|
Pinch Hitting: SHB Pete Leppert
|
0-0: Ball 1-0: Ball 2-0: Ball 3-0: Called Strike 3-1: Called Strike 3-2: Base on Balls
|
|
Batting: SHB Tracy Edwards
|
0-0: Ball 1-0: Ball 2-0: Ball 3-0: Foul Ball, location: 2F 3-1: SINGLE (Line Drive, 9S, EV 98.1 MPH) Pete Leppert to second
|
|
Pinch Hitting: RHB Eddie Lee
|
0-0: Called Strike 0-1: Swinging Strike 0-2: Ball 1-2: Reached on error, E6 (Groundball, 6, EV 82.5 MPH) Pete Leppert to third Tracy Edwards to second
|
|
Batting: SHB Jose Mercado
|
0-0: Foul Ball, location: 2F 0-1: Reached on error, E8 (Flyball, 78D, EV 88.8 MPH) Pete Leppert scores Tracy Edwards scores Eddie Lee to third
|
|
Batting: RHB Steven Roeder
|
0-0: Called Strike 0-1: Ball 1-1: Ball 2-1: Foul Ball, location: 2F 2-2: Strikes out swinging
|
|
Batting: RHB Timothy Presko
|
0-0: Swinging Strike 0-1: Ground out 3-1 (Groundball, 34, EV 78.1 MPH) Eddie Lee scores Jose Mercado to third
|
|
Batting: SHB Mike Hennessy
|
0-0: Ball 1-0: Called Strike 1-1: Called Strike 1-2: Ball Passed Ball! Jose Mercado scores 2-2: Ball 3-2: Foul Ball, location: 2F 3-2: SINGLE (Line Drive, 4D, EV 103.1 MPH)
|
|
Pitching: RHP Kevin Hagen
|
|
|
Batting: RHB Ramon Valdez
|
0-0: Swinging Strike 0-1: Fly out, F6 (Flyball, 56D, EV 78.8 MPH)
|
| Top of the 7th over - 4 runs, 2 hits, 2 errors, 1 left on base; Stockton 7 - Stockton 11 |
| BOTTOM OF THE 7TH |
|
Stockton Mariners batting - Pitching for Stockton Ports : RHP Harry Wise
|
|
Now at 2B: Pete Leppert
|
|
|
Now in RF: Eddie Lee
|
|
|
Batting: LHB Marvin Ward
|
0-0: Ball 1-0: Ball 2-0: Ball 3-0: Base on Balls
|
|
Batting: LHB David Cawthon
|
0-0: Grounds into double play, 4-6-3 (Groundball, 34, EV 105.6 MPH)
|
|
Batting: LHB Joe Perna
|
0-0: Ball 1-0: Called Strike 1-1: Called Strike 1-2: Ball 2-2: Strikes out swinging
|
| Bottom of the 7th over - 0 runs, 0 hits, 0 errors, 0 left on base; Stockton 7 - Stockton 11 |
| TOP OF THE 8TH |
|
Stockton Ports batting - Pitching for Stockton Mariners : RHP Kevin Hagen
|
|
Batting: LHB Daniel Hoskins
|
0-0: Fly out, F7 (Line Drive, 7, EV 84.4 MPH)
|
|
Batting: SHB Pete Leppert
|
0-0: Ball 1-0: Foul Ball, location: 2F 1-1: Called Strike 1-2: Strikes out swinging
|
|
Batting: SHB Tracy Edwards
|
0-0: Ball 1-0: Foul Ball, location: 2F 1-1: Ball 2-1: Foul Ball, location: 2F 2-2: SINGLE (Groundball, 56D, EV 100.0 MPH)
|
|
Batting: RHB Eddie Lee
|
0-0: 2-RUN HOME RUN (Flyball, 9D, EV 109.4 MPH), Distance : 393 ft
|
|
Batting: SHB Jose Mercado
|
0-0: Called Strike 0-1: Ball 1-1: Ball 2-1: Ball 3-1: Called Strike 3-2: Foul Ball, location: 2F 3-2: Foul Ball, location: 2F 3-2: Base on Balls
|
|
Batting: RHB Steven Roeder
|
0-0: Ball 1-0: Ball 2-0: DOUBLE (Line Drive, 89M, EV 110.0 MPH) Jose Mercado to third
|
|
Batting: RHB Timothy Presko
|
0-0: Called Strike 0-1: Swinging Strike 0-2: Ball 1-2: Ball 2-2: Ground out 6-3 (Groundball, 6MS, EV 86.9 MPH)
|
| Top of the 8th over - 2 runs, 3 hits, 0 errors, 2 left on base; Stockton 9 - Stockton 11 |
| BOTTOM OF THE 8TH |
|
Stockton Mariners batting - Pitching for Stockton Ports : RHP Harry Wise
|
|
Batting: SHB Eddie Tanner
|
0-0: Ball 1-0: Ball 2-0: Ball 3-0: Called Strike 3-1: Foul Ball, location: 2F 3-2: Fly out, F8 (Flyball, 8LS, EV 75.6 MPH)
|
|
Batting: RHB Orlando Mercado
|
0-0: Ball 1-0: Foul Ball, location: 2F 1-1: Fly out, F7 (Flyball, 7LM, EV 85.0 MPH)
|
|
Batting: LHB Victor Gavidia
|
0-0: Ball 1-0: Called Strike 1-1: Ball 2-1: Ball 3-1: Called Strike 3-2: Ground out 4-3 (Groundball, 4, EV 105.6 MPH)
|
| Bottom of the 8th over - 0 runs, 0 hits, 0 errors, 0 left on base; Stockton 9 - Stockton 11 |
| TOP OF THE 9TH |
|
Stockton Ports batting - Pitching for Stockton Mariners : RHP Kevin Hagen
|
|
Pitching: LHP Robert Alsup
|
|
|
Now at 1B: Duane Evans
|
|
|
Now at 2B: Paul Plinski
|
|
|
Batting: SHB Mike Hennessy
|
0-0: Ground out U3 (Groundball, 34, EV 86.3 MPH)
|
|
Batting: RHB Ramon Valdez
|
0-0: Ball 1-0: Foul Ball, location: 2F 1-1: Ball 2-1: Fly out, F8 (Flyball, 8LS, EV 81.9 MPH)
|
|
Batting: LHB Daniel Hoskins
|
0-0: Foul Ball, location: 2F 0-1: Foul Ball, location: 2F 0-2: Strikes out looking
|
| Top of the 9th over - 0 runs, 0 hits, 0 errors, 0 left on base; Stockton 9 - Stockton 11 |
|